 Dungeon Crawl Stone Soup version 0.31.0-9-g3a7656b989 (webtiles) character file.

Game seed: 3791679968272266017

7225 qw the Markself (level 10, -1/59 HPs)
             Began as a Deep Elf Hunter on Feb 2, 2024.
             Was an Elder of Okawaru.
             Slain by Maggie
             ... wielding a +0 morningstar of flaming
              (8 damage)
             ... on level 10 of the Dungeon.
             The game lasted 00:01:02 (6779 turns).

qw the Markself (Deep Elf Hunter)                   Turns: 6779, Time: 00:01:02

Health: -1/59      AC:  7    Str: 12    XL:     10   Next: 88%
Magic:  12/17      EV: 16    Int: 15    God:    Okawaru [****..]
Gold:   286        SH:  0    Dex: 18    Spells: 9/9 levels left

rFire   . . .        m - +2 orcbow
rCold   . . .        (shield currently unavailable)
rNeg    . . .        s - +0 troll leather armour
rPois   .            l - +0 helmet
rElec   .            g - +0 cloak
rCorr   +            n - +1 pair of gloves
SInv    +            (no boots)
Will    +....        f - amulet of regeneration
Stlth   ++           i - ring of resist corrosion
HPRegen 1.89/turn    b - ring of see invisible
MPRegen 0.15/turn

%: no passive effects
@: about to teleport, finesse-ful
A: no striking features
a: Renounce Religion, Heroism, Finesse


You were on level 10 of the Dungeon.
You worshipped Okawaru.
Okawaru was greatly pleased with you.
You visited 2 branches of the dungeon, and saw 11 of its levels.

You collected 430 gold pieces.
You spent 144 gold pieces at shops.


   Skills:
 - Level 5.5 Fighting
 - Level 16.0 Ranged Weapons
 - Level 3.0 Armour
 + Level 8.3 Dodging
 - Level 1.2 Stealth
 + Level 6.7 Invocations


You had 9 spell levels left.
You didn't know any spells.
Your spell library was empty.

Inventory:

Hand Weapons
 m - a +2 orcbow (weapon)
Armour
 g - a +0 cloak (worn)
 l - a +0 helmet (worn)
 n - a +1 pair of gloves (worn)
 s - a +0 troll leather armour (worn)
Jewellery
 b - a ring of see invisible (right hand)
 f - an amulet of regeneration (around neck)
 i - a ring of resist corrosion (left hand)
 o - a ring of fire
Wands
 a - a wand of mindburst (14)
 j - a wand of acid (3)
 k - a wand of roots (6)
Scrolls
 c - a scroll of identify
 d - 4 scrolls of teleportation
Potions
 h - a potion of magic
 q - a potion of curing
 r - a potion of cancellation
 t - a potion of heal wounds

Dungeon Overview and Level Annotations

Branches:
Dungeon (10/15)            Temple (1/1) D:5
   Lair: D:8-11         Orc: D:9-12

Altars:
Ashenzari
Cheibriados
Dithmenos
Elyvilon
Fedhas
Gozag
Hepliaklqana
Kikubaaqudgha
Makhleb
Nemelex Xobeh
Okawaru
Qazlal
Ru
Sif Muna
Trog
Uskayaw
Vehumet
Wu Jian
Xom
Yredelemnul
Zin
The Shining One

Shops:
D:6 [:

Annotations:
D:4 1 transporter, qw's ghost, amateur DjHu
D:8 1 runed translucent door, qw's ghost, novice DjHu
D:10 Maggie


Message History

The bolt of fire hits you!
The basilisk bites the plant.
You shoot an arrow. The yak bellows!
The arrow hits the water moccasin.
The water moccasin is severely wounded.
The water moccasin bites you.
You shoot an arrow. The arrow misses the water moccasin.
The yak gores the plant.
The yak misses you. The iguana misses you.
The basilisk bites the plant!!
You shoot an arrow.
The arrow closely misses the water moccasin.
A nearby plant withers and dies.
The water moccasin closely misses you.
You shoot an arrow. The arrow hits the water moccasin!
You kill the water moccasin!
Okawaru accepts your kill.
You shoot an arrow. The arrow hits Maggie.
Maggie is lightly wounded.
A nearby plant withers and dies.
Maggie mutters to herself, "Master Lance won't take me back.
This is the way forward."
Maggie barely misses you. The iguana barely misses you.
The yak completely misses you.
You shoot an arrow. The arrow hits Maggie.
Maggie is lightly wounded.
A scorpion comes into view.
You shoot an arrow. The arrow barely misses Maggie.
The arrow hits the plant!
The plant begins to die.
The plant is lightly damaged.
You shoot an arrow. The arrow hits Maggie.
Maggie is lightly wounded.
A nearby plant withers and dies. x2
Maggie hits you with a +0 morningstar of flaming!
Maggie burns you. The iguana bites you! The yak gores you!
6779 ||| READING 5 scrolls of teleportation.
As you read the scroll of teleportation, it crumbles to dust.
You feel strangely unstable.
You break out of your daze.
The wyvern misses you. The wyvern completely misses you.
The yak closely misses you. The iguana misses you.
Maggie hits you with a +0 morningstar of flaming!
You die...

.......#....<.##
##............<.##
#................#
#................#
#................#
#..).............#
#.###................#
......k%......(......#
...#sl@............##
$P..Y.@Y....##.....##
7?.....#############
......( P.Yl.7.
..P.P.. ...s ..
....P.P


You could see Maggie, 3 yaks, a basilisk, a wyvern, 2 scorpions and an iguana.

Vanquished Creatures
  Joseph (D:7)
  A troll (D:9)
  Prince Ribbit (D:7)
  3 wyverns
  3 wraiths
  9 yaks
  A steam dragon (D:9)
  A water moccasin (D:10)
  An acid dragon (D:8)
  Duvessa (D:7)
  4 orc warriors
  An ice beast (D:7)
  A sky beast (D:7)
  3 black bears
  2 centaurs (D:6)
  4 phantoms
  4 kobold brigands
  A gnoll sergeant (D:9)
  A weeping skull (D:7)
  3 bullfrogs
  3 scorpions
  6 wights (D:9)
  Dowan (D:7)
  7 killer bees
  2 jellies
  A bombardier beetle (D:5)
  2 gnoll boudas
  4 orc priests
  3 hounds
  4 sleepcaps
  6 iguanas
  12 orc wizards
  12 gnolls
  5 adders
  2 shadow imps
  3 white imps
  A dart slug (D:3)
  2 ribbon worms
  40 orcs
  5 endoplasms
  2 giant cockroaches (D:3)
  3 hobgoblins
  22 kobolds
  4 quokkas
  3 ball pythons
  3 bats
  4 frilled lizards
  9 goblins
  10 rats
  A spectral orc (D:7)
228 creatures vanquished.

Notes
Turn   | Place    | Note
-------+----------+-------------------------------------------
     0 | D:1      | qw the Deep Elf Hunter began the quest for the Orb.
     0 | D:1      | Reached XP level 1. HP: 12/12 MP: 3/3
     0 | D:1      | 0 ||| qw: Version: 0.3-a-155-g5e7d8dd
     0 | D:1      | 0 ||| qw: Game counter: 521
     0 | D:1      | 0 ||| qw: Melee chars always use a shield: true
     0 | D:1      | 0 ||| qw: God list: Okawaru
     0 | D:1      | 0 ||| qw: Allow faded altars: false
     0 | D:1      | 0 ||| qw: Do Orc after clearing Dungeon:15 true
     0 | D:1      | 0 ||| qw: Do second Lair branch before Depths: true
     0 | D:1      | 0 ||| qw: Lair rune preference: random
     0 | D:1      | 0 ||| qw: Goals: Normal
     0 | D:1      | 0 ||| PLANNING D:1-11
   346 | D:1      | Reached skill level 6 in Ranged Weapons
   346 | D:1      | Reached XP level 2. HP: 16/16 MP: 4/4
   769 | D:1      | 769 ||| UPGRADING to +0 cloak.
   774 | D:1      | 774 ||| READING 3 scrolls labelled GENTOZX RYFFAR.
   777 | D:1      | 777 ||| READING 2 scrolls labelled EHOUNE BOTOROC.
   778 | D:1      | 778 ||| READING scroll labelled UBBUBA UZOOMP.
   778 | D:1      | Identified a scroll of acquirement
   778 | D:1      | 778 ||| ACQUIRING amulet of regeneration
   778 | D:1      | Acquired an amulet of regeneration
   780 | D:1      | 780 ||| UPGRADING to amulet of regeneration.
   785 | D:1      | 785 ||| READING scroll labelled MEUMEK HOESEPT.
   786 | D:1      | 786 ||| DROPPING scroll of butterflies.
   787 | D:1      | 787 ||| DROPPING scroll of blinking.
  1166 | D:2      | 1166 ||| UPGRADING to +0 ring mail.
  1176 | D:2      | 1176 ||| DROPPING +0 leather armour.
  1177 | D:2      | 1177 ||| UPGRADING to ring of resist corrosion.
  1225 | D:3      | Reached XP level 3. HP: 20/20 MP: 5/5
  1267 | D:3      | Reached skill level 7 in Ranged Weapons
  1475 | D:3      | Found a snail-covered altar of Cheibriados.
  1476 | D:3      | 1476 ||| READING scroll labelled FADGHIH YXOBES.
  1571 | D:3      | Reached XP level 4. HP: 25/25 MP: 6/6
  1959 | D:3      | 1959 ||| READING scroll labelled WUJ ORUOBIHILO.
  1960 | D:3      | 1960 ||| READING 2 scrolls labelled SIVVIF PEXE.
  1960 | D:3      | 1960 ||| ENCHANTING +0 shortbow.
  1961 | D:3      | 1961 ||| READING scroll of enchant weapon.
  1961 | D:3      | 1961 ||| ENCHANTING +1 shortbow.
  1962 | D:3      | 1962 ||| READING scroll labelled IXZEEL GEINO.
  2090 | D:4      | 2090 ||| DRINKING bubbling sapphire potion.
  2091 | D:4      | 2091 ||| DRINKING coppery potion.
  2092 | D:4      | 2092 ||| DRINKING puce potion.
  2093 | D:4      | 2093 ||| DRINKING grey potion.
  2093 | D:4      | Noticed a phantom
  2095 | D:4      | 2095 ||| RETREEEEATING.
  2102 | D:4      | 2102 ||| RETREEEEATING.
  2103 | D:4      | 2103 ||| RETREEEEATING.
  2109 | D:4      | Reached skill level 8 in Ranged Weapons
  2113 | D:4      | Killed a phantom
  2114 | D:4      | Reached XP level 5. HP: 29/29 MP: 7/7
  2117 | D:4      | Reached skill level 9 in Ranged Weapons
  2155 | D:4      | Identified the +10 dire flail of Udedis {flame, *Corrode
                  | Will+ Int+2}
  2155 | D:4      | Noticed an ogre
  2156 | D:4      | Noticed qw's ghost (amateur DjHu)
  2157 | D:4      | Found a transporter.
  2157 | D:4      | Noticed an ogre
  2158 | D:4      | Noticed an ogre
  2233 | D:4      | Reached XP level 6. HP: 28/35 MP: 8/8
  2256 | D:4      | Reached skill level 10 in Ranged Weapons
  2319 | D:4      | Reached skill level 3 in Dodging
  2420 | D:4      | Reached skill level 1 in Armour
  2433 | D:4      | Reached XP level 7. HP: 38/40 MP: 9/9
  2828 | D:5      | Entered Level 5 of the Dungeon
  2834 | D:5      | Reached skill level 11 in Ranged Weapons
  2861 | D:5      | Found a staircase to the Ecumenical Temple.
  2862 | D:5      | 2862 ||| PLANNING TEMPLE
  2871 | Temple   | Entered the Ecumenical Temple
  2872 | Temple   | 2872 ||| PLANNING OKAWARU WORSHIP
  2879 | Temple   | Became a worshipper of Warmaster Okawaru
  2880 | Temple   | 2880 ||| PLANNING D:1-11
  3040 | D:5      | HP: 10/40 [burnt (5)]
  3044 | D:5      | HP: 4/40 [burnt (2)]
  3123 | D:5      | Reached skill level 12 in Ranged Weapons
  3169 | D:5      | 3169 ||| READING scroll of enchant weapon.
  3169 | D:5      | 3169 ||| ENCHANTING +2 shortbow.
  3211 | D:5      | Found an ornate altar of the Wu Jian Council.
  3251 | D:5      | Reached * piety under Okawaru
  3252 | D:5      | Reached skill level 3 in Fighting
  3252 | D:5      | Reached XP level 8. HP: 39/46 MP: 10/10
  3387 | D:5      | 3387 ||| READING scroll labelled RUUQUY GAUBIUG.
  3408 | D:5      | 3408 ||| READING scroll labelled UHORRECUNO.
  3408 | D:5      | 3408 ||| IDENTIFYING viscous clear potion
  3449 | D:6      | Reached skill level 1 in Invocations
  3558 | D:6      | Found Negrumn's Antique Armour Boutique.
  3566 | D:6      | 3566 ||| SHOPLISTING glowing ring mail (224 gold, have
                  | 172).
  3566 | D:6      | 3566 ||| BUYING helmet (144 gold).
  3566 | D:6      | Bought a helmet for 144 gold pieces
  3566 | D:6      | 3566 ||| SHOPLISTING runed ring mail (224 gold, have 28).
  3576 | D:6      | Found a hazy altar of Hepliaklqana.
  3585 | D:6      | 3585 ||| UPGRADING to +0 helmet.
  3590 | D:6      | 3590 ||| UPGRADING to ring of see invisible.
  3620 | D:6      | 3620 ||| SWAPPING to +0 orcbow.
  3621 | D:6      | 3621 ||| DROPPING +3 shortbow.
  3680 | D:6      | Found Giery's Book Shop.
  3790 | D:6      | Reached skill level 3 in Invocations
  3793 | D:6      | Found a glowing golden altar of the Shining One.
  3821 | D:6      | 3821 ||| INVOKING Heroism.
  4063 | D:6      | 4063 ||| ZAPPING wand of acid (9) at -1,0 (black bear;
                  | floor).
  4063 | D:6      | Reached ** piety under Okawaru
  4064 | D:6      | Reached skill level 13 in Ranged Weapons
  4233 | D:6      | 4233 ||| READING 2 scrolls of identify.
  4233 | D:6      | 4233 ||| IDENTIFYING blue potion
  4268 | D:7      | 4268 ||| STAIRDANCE
  4306 | D:7      | Noticed Prince Ribbit
  4307 | D:7      | 4307 ||| INVOKING Heroism.
  4310 | D:7      | 4310 ||| RETREEEEATING.
  4312 | D:7      | 4312 ||| RETREEEEATING.
  4316 | D:7      | 4316 ||| RETREEEEATING.
  4317 | D:7      | 4317 ||| RETREEEEATING.
  4318 | D:7      | 4318 ||| RETREEEEATING.
  4319 | D:7      | 4319 ||| RETREEEEATING.
  4320 | D:7      | 4320 ||| RETREEEEATING.
  4321 | D:7      | 4321 ||| RETREEEEATING.
  4322 | D:7      | 4322 ||| RETREEEEATING.
  4323 | D:7      | 4323 ||| RETREEEEATING.
  4324 | D:7      | 4324 ||| RETREEEEATING.
  4325 | D:7      | 4325 ||| RETREEEEATING.
  4326 | D:7      | 4326 ||| RETREEEEATING.
  4330 | D:7      | Killed Prince Ribbit
  4331 | D:7      | Reached XP level 9. HP: 48/50 MP: 14/14
  4335 | D:7      | Reached skill level 14 in Ranged Weapons
  4346 | D:7      | 4346 ||| INVOKING Heroism.
  4395 | D:7      | Noticed Duvessa
  4397 | D:7      | Noticed Dowan
  4403 | D:7      | 4403 ||| INVOKING Heroism.
  4405 | D:7      | Killed Duvessa
  4418 | D:7      | Killed Dowan
  4668 | D:7      | Reached skill level 15 in Ranged Weapons
  4703 | D:7      | Found a basalt altar of Yredelemnul.
  4741 | D:7      | Noticed Joseph
  4742 | D:7      | 4742 ||| RETREEEEATING.
  4747 | D:7      | 4747 ||| ZAPPING wand of acid (8) at 1,-3 (Joseph; floor).
  4750 | D:7      | 4750 ||| ZAPPING wand of acid (7) at 1,-3 (Joseph; floor).
  4751 | D:7      | 4751 ||| ZAPPING wand of acid (6) at 1,-3 (Joseph; floor).
  4752 | D:7      | 4752 ||| ZAPPING wand of acid (5) at 1,-2 (Joseph; floor).
  4753 | D:7      | 4753 ||| ZAPPING wand of acid (4) at 2,-1 (Joseph; floor).
  4754 | D:7      | 4754 ||| INVOKING Heroism.
  4757 | D:7      | Killed Joseph
  4861 | D:7      | 4861 ||| UPGRADING to +0 pair of gloves.
  4866 | D:7      | 4866 ||| READING 2 scrolls of identify.
  4866 | D:7      | 4866 ||| IDENTIFYING clear potion
  4867 | D:7      | 4867 ||| READING scroll of identify.
  4867 | D:7      | 4867 ||| IDENTIFYING scroll labelled UVANUF ZAE
  4868 | D:7      | 4868 ||| READING scroll of enchant armour.
  4868 | D:7      | 4868 ||| ENCHANTING +0 pair of gloves.
  4922 | D:8      | 4922 ||| READING scroll of enchant weapon.
  4922 | D:8      | 4922 ||| ENCHANTING +0 orcbow.
  4945 | D:8      | HP: 7/54 [wyvern (13)]
  4946 | D:8      | 4946 ||| READING 7 scrolls of teleportation.
  4947 | D:8      | 4947 ||| DRINKING potion of heal wounds.
  4950 | D:8      | HP: 7/54 [wyvern (10)]
  4950 | D:8      | HP: 3/54 [wyvern (4)]
  4952 | D:8      | 4952 ||| READING 6 scrolls of teleportation.
  4954 | D:8      | HP: 1/54 [black bear (3)]
  5007 | D:8      | Reached *** piety under Okawaru
  5013 | D:8      | 5013 ||| READING scroll of enchant weapon.
  5013 | D:8      | 5013 ||| ENCHANTING +1 orcbow.
  5089 | D:8      | Reached XP level 10. HP: 59/59 MP: 15/15
  5164 | D:8      | Found a runed translucent door.
  5164 | D:8      | Noticed qw's ghost (novice DjHu)
  5424 | D:8      | 5424 ||| READING 2 scrolls of identify.
  5424 | D:8      | 5424 ||| IDENTIFYING fuming black potion
  5425 | D:8      | 5425 ||| READING scroll of identify.
  5425 | D:8      | 5425 ||| IDENTIFYING scroll labelled SENUFO JUIDAA
  5426 | D:8      | 5426 ||| DROPPING scroll of fog.
  5445 | D:9      | Found a radiant altar of Vehumet.
  5445 | D:9      | Found a shimmering blue altar of Sif Muna.
  5453 | D:9      | Found a faded altar of an unknown god.
  5455 | D:9      | Found a broken altar of Ashenzari.
  5457 | D:9      | Found a sacrificial altar of Ru.
  5484 | D:9      | 5484 ||| INVOKING Heroism.
  5488 | D:9      | Reached skill level 16 in Ranged Weapons
  5528 | D:9      | Identified the +7 flail of the Forgotten Dances {freeze,
                  | rElec Int+2}
  5648 | D:9      | 5648 ||| RETREEEEATING.
  5649 | D:9      | 5649 ||| RETREEEEATING.
  5650 | D:9      | 5650 ||| RETREEEEATING.
  5651 | D:9      | 5651 ||| RETREEEEATING.
  5652 | D:9      | 5652 ||| RETREEEEATING.
  5653 | D:9      | 5653 ||| RETREEEEATING.
  5654 | D:9      | 5654 ||| RETREEEEATING.
  5655 | D:9      | 5655 ||| RETREEEEATING.
  5656 | D:9      | 5656 ||| RETREEEEATING.
  5657 | D:9      | 5657 ||| RETREEEEATING.
  5658 | D:9      | 5658 ||| RETREEEEATING.
  5659 | D:9      | 5659 ||| RETREEEEATING.
  5660 | D:9      | 5660 ||| RETREEEEATING.
  5661 | D:9      | 5661 ||| RETREEEEATING.
  5662 | D:9      | 5662 ||| RETREEEEATING.
  5663 | D:9      | 5663 ||| RETREEEEATING.
  5671 | D:9      | Reached skill level 6 in Dodging
  5683 | D:9      | HP: 12/59 [yak (11)]
  5684 | D:9      | 5684 ||| READING 5 scrolls of teleportation.
  5685 | D:9      | 5685 ||| DRINKING potion of heal wounds.
  6016 | D:9      | Reached **** piety under Okawaru
  6020 | D:9      | Reached skill level 3 in Armour
  6263 | D:9      | 6263 ||| RETREEEEATING.
  6264 | D:9      | 6264 ||| RETREEEEATING.
  6265 | D:9      | 6265 ||| RETREEEEATING.
  6266 | D:9      | 6266 ||| RETREEEEATING.
  6267 | D:9      | 6267 ||| RETREEEEATING.
  6268 | D:9      | 6268 ||| RETREEEEATING.
  6270 | D:9      | 6270 ||| RETREEEEATING.
  6275 | D:9      | 6275 ||| RETREEEEATING.
  6340 | D:9      | 6340 ||| INVOKING Finesse.
  6346 | D:9      | HP: 11/59 [poisoned by a kobold brigand (curare-tipped
                  | dart)]
  6351 | D:9      | HP: 6/59 [poisoned by a kobold brigand (curare-tipped
                  | dart)]
  6507 | D:9      | 6507 ||| RETREEEEATING.
  6508 | D:9      | 6508 ||| RETREEEEATING.
  6509 | D:9      | 6509 ||| RETREEEEATING.
  6510 | D:9      | 6510 ||| RETREEEEATING.
  6511 | D:9      | 6511 ||| RETREEEEATING.
  6519 | D:9      | Reached skill level 6 in Invocations
  6599 | D:9      | 6599 ||| UPGRADING to +0 troll leather armour.
  6609 | D:9      | 6609 ||| DROPPING +0 ring mail.
  6610 | D:9      | 6610 ||| READING 2 scrolls labelled GUROONG LOEKYC.
  6711 | D:9      | 6711 ||| READING scroll labelled BIOCUE BUNOE.
  6712 | D:9      | 6712 ||| DROPPING scroll of vulnerability.
  6743 | D:10     | Entered Level 10 of the Dungeon
  6757 | D:10     | Noticed Maggie
  6760 | D:10     | 6760 ||| INVOKING Finesse.
  6766 | D:10     | 6766 ||| RETREEEEATING.
  6778 | D:10     | HP: 14/59 [iguana (9)]
  6778 | D:10     | HP: 5/59 [yak (9)]
  6779 | D:10     | 6779 ||| READING 5 scrolls of teleportation.
  6779 | D:10     | Slain by Maggie

Levels and vault maps discovered:
D:1:      matt_arrival_refuge, layout_basic
D:2:      layout_rooms
D:3:      layout_loops_ring, cheibrodos_worm_habitat, minmay_hedge_maze
D:4:      layout_loops_ring, gammafunk_ghost_smash
D:5:      layout_rooms, nzn_wu_jian_council_hall,
          minmay_temple_entry_sparse_star, st_stairs_4
D:6:      layout_basic, mainiacjoe_overflow_boulevard, amcnicky_altar_gilded,
          serial_shops, shop, shop
D:7:      layout_rooms, yredelemnul_forgotten_temple_becter,
          uniq_prince_ribbit1, uniq_duvessa, uniq_joseph
D:8:      layout_rooms, hellmonk_ghost_happy_afterlife
D:9:      layout_irregular_city, chequers_temple_overflow_minitemple,
          serial_co_window_serial, co_window_paths_a, co_window_paths_a,
          co_window_corner_a, co_window_of_opportunity_a, co_window_cross_1,
          co_window_paths_a, co_window_cross_1, co_window_of_opportunity_a,
          co_window_paths_b, co_window_of_opportunity_c,
          co_window_unsneaky_path_a, co_window_corner_ca, co_window_2corner,
          co_window_corner_cb, co_window_paths_d, glass_columns_a,
          glass_columns_a, glass_columns_a, glass_columns_a, glass_columns_a,
          kennysheep_small_square
D:10:     layout_rooms, minmay_lair_entry_grove, uniq_maggie, uniq_nergalle,
          uniq_erolcha
Temple:   cyrus_circular_temple

Skill      XL: |  1  2  3  4  5  6  7  8  9 10 |
---------------+-------------------------------+-----
Ranged Weapons | 6 7 8 9 10 12 13 15 16 | 16.0
Fighting       | 2 3 5 |  5.5
Dodging        | 3 4 5 8 |  8.3
Armour         | 1 2 3 |  3.0
Invocations    | 4 6 |  6.7
Stealth        | |  1.2

Action                     |  1- 3 |  4- 6 |  7- 9 | 10-12 || total
---------------------------+-------+-------+-------+-------++-------
   Fire: Shortbow          |   108 |   203 |   144 |       ||   455
         Orcbow            |       |       |   324 |   237 ||   561
 Invoke: Heroism           |       |       |     5 |     1 ||     6
         Finesse           |       |       |       |     2 ||     2
  Evoke: Wand              |       |       |     6 |       ||     6
    Use: Scroll            |     5 |     4 |    11 |     6 ||    26
         Potion            |       |     4 |     1 |     1 ||     6
 Armour: Leather armour    |     5 |       |       |       ||     5
         Ring mail         |    20 |    48 |   184 |    53 ||   305
         Troll leather arm |       |       |       |     8 ||     8
  Dodge: Dodged            |    29 |    38 |   169 |    69 ||   305

Table legend:
 A = Non-vault XP
 B = Vault XP
 C = Vault XP percentage of total XP
 D = Non-vault monster count
 E = Vault monster count
 F = Vault count percentage of total count
                 A         B        C        D         E       F
            +---------+---------+-------+---------+---------+-------
      Total |    8569 |    1753 |  17.0 |     214 |      14 |   6.1
            +---------+---------+-------+---------+---------+-------
        D:1 |      20 |       0 |   0.0 |      15 |       0 |   0.0
        D:2 |      19 |       0 |   0.0 |      13 |       0 |   0.0
        D:3 |      85 |       4 |   4.5 |      25 |       1 |   3.8
        D:4 |     817 |       0 |   0.0 |      34 |       0 |   0.0
        D:5 |     561 |      14 |   2.4 |      22 |       2 |   8.3
        D:6 |    1179 |       0 |   0.0 |      18 |       0 |   0.0
        D:7 |    1343 |    1001 |  42.7 |      24 |       6 |  20.0
        D:8 |    1187 |       0 |   0.0 |      27 |       0 |   0.0
        D:9 |    3358 |     175 |   5.0 |      36 |       2 |   5.3
       D:10 |       0 |     559 | 100.0 |       0 |       3 | 100.0
            +---------+---------+-------+---------+---------+-------
